[Event "Late-Titled-Tuesday-Blitz-June-18-2024"]
[Site "Chess.com"]
[Date "2024.06.18"]
[Round "7"]
[White "Nicolik"]
[Black "Eloist"]
[Result "1-0"]
[WhiteElo "2631"]
[BlackElo "2449"]
[TimeControl "180+1"]
[EndTime "15:17:40 PDT"]
[Termination "Nicolik won on time"]

1. d4 e6 2. Nc3 Nf6 3. Bf4 d5 4.
Nb5 Na6 5. e3 c6 6. Nc3 Bb4 7.
Bxa6 bxa6 8. Ne2 O-O 9. a3 Be7 10. Na4 Qa5+ 11. c3 Qb5 12. b4 a5 13. Nc5 axb4 14. axb4 Bxc5 15. dxc5 Ba6 16. Nd4 Qc4 17.
Qb3 Rfc8 18. Qxc4 Bxc4 19. f3 Nd7 20. Bd6 g6 21. Ra5 e5 22. Nc2 Re8 23. Kd2 f5 24.
Rha1 a6 25. Na3 Bb3 26. Rb1 Bc4 27. Nxc4 dxc4 28. Rba1 e4 29. f4 Nf6 30. Rxa6 Rac8 31. Ra7 1-0

[Event "Late-Titled-Tuesday-Blitz-June-18-2024"]
[Site "Chess.com"]
[Date "2024.06.18"]
[Round "7"]
[White "CristhianPortalR"]
[Black "traviscottofficial"]
[Result "0-1"]
[WhiteElo "2514"]
[BlackElo "2754"]
[TimeControl "180+1"]
[EndTime "15:17:41 PDT"]
[Termination "traviscottofficial won on time"]

1. e4 e5 2. Nf3 Nc6 3. d4 exd4 4.
Nxd4 Nf6 5. Nxc6 dxc6 6. Qxd8+ Kxd8 7. f3 Be6 8. b3 g6 9. Bb2 Bg7 10. Nd2 Ke7 11. Ba3+ Ke8 12. O-O-O Nd7 13. Bc4 Nb6 14. Bxe6 fxe6 15. Bb2 Bxb2+ 16. Kxb2 Ke7 17. Nf1 Rad8 18. Ne3 Nc8 19. c4 c5 20. e5 Kf7 21. Ng4 Ne7 22.
Nf6 Nf5 23. Ne4 b6 24. Rhe1 Nh4 25. g3 Nf5 26. Kc3 Ke7 27. Nf6 h6 28. Ne4 g5 29. a4 Nd4 0-1

[Event "Late-Titled-Tuesday-Blitz-June-18-2024"]
[Site "Chess.com"]
[Date "2024.06.18"]
[Round "7"]
[White "Rashad_Zeynalli"]
[Black "Artem_Koval"]
[Result "0-1"]
[WhiteElo "2720"]
[BlackElo "2582"]
[TimeControl "180+1"]
[EndTime "15:17:42 PDT"]
[Termination "Artem_Koval won by checkmate"]

1. d4 d5 2. Bf4 c5 3. e3 Nc6 4.
Nf3 Nf6 5. Nbd2 cxd4 6. exd4 Bf5 7. Bb5 e6 8. Ne5 Qb6 9. Qe2 Be7 10. c3 O-O 11. Bxc6 bxc6 12. Nb3 a5 13. g4 Bg6 14.
h4 a4 15. Nc1 h5 16. Nxg6 fxg6 17. Qxe6+ Kh7 18. Nd3 Nxg4 19. O-O-O Rae8 20. Rde1 a3 21. b4 Bxb4 22. Qd7 Rxe1+ 23. Rxe1 Bxc3 24. Re7 Bxd4 25. Ne5 Bxe5 26. Bxe5 Qc5+ 27. Kb1 Qb4+ 28. Kc2 Rxf2+ 29. Kd3 Qc4# 0-1

[Event "Late-Titled-Tuesday-Blitz-June-18-2024"]
[Site "Chess.com"]
[Date "2024.06.18"]
[Round "7"]
[White "chess94cu"]
[Black "matagordo"]
[Result "1-0"]
[WhiteElo "2632"]
[BlackElo "2408"]
[TimeControl "180+1"]
[EndTime "15:17:45 PDT"]
[Termination "chess94cu won on time"]

1. d4 Nf6 2. c4 d6 3. Nc3 e5 4.
g3 exd4 5. Qxd4 Nc6 6. Qd2 g6 7. Bg2 Bg7 8. Nf3 O-O 9. O-O Bf5 10. b3 Ne4 11. Nxe4 Bxa1 12. Nc3 Re8 13. Nh4 Qd7 14. e4 Bh3 15. Ba3 Bxc3 16. Qxc3 Ne5 17. f4 Bxg2 18.
Kxg2 Ng4 19. Bb2 f6 20. h3 Rxe4 21. hxg4 Re2+ 22. Rf2 Qc6+ 23. Nf3 Rxf2+ 24. Kxf2 d5 25.
cxd5 Qxc3 26. Bxc3 Rd8 27. Bxf6 Rxd5 28. Ke3 Ra5 29. a4 1-0

[Event "Late-Titled-Tuesday-Blitz-June-18-2024"]
[Site "Chess.com"]
[Date "2024.06.18"]
[Round "7"]
[White "kikoveiga"]
[Black "DanylaBagrov"]
[Result "0-1"]
[WhiteElo "2695"]
[BlackElo "2518"]
[TimeControl "180+1"]
[EndTime "15:17:45 PDT"]
[Termination "DanylaBagrov won by resignation"]

1. d4 d6 2. Bg5 Nd7 3. Nc3 Ngf6 4.
e4 e5 5. Bc4 Be7 6. Nge2 O-O 7.
O-O c6 8. h3 b5 9. Bb3 b4 10. Nb1 Nxe4 11. Bxe7 Qxe7 12. a3 bxa3 13. Rxa3 d5 14. c4 Ndf6 15. dxe5 Qxe5 16. Nd4 Bd7 17.
cxd5 cxd5 18. Nf3 Qh5 19. Re1 Rfe8 20. Ra5 Qg6 21. Bxd5 Nxd5 22. Rxd5 Bxh3 23. Nh4 Qf6 24. Qf3 Qxh4 25. gxh3 Ng5 26. Rxe8+ Rxe8 27. Qe3 Nxh3+ 28. Kf1 Rxe3 0-1

[Event "Late-Titled-Tuesday-Blitz-June-18-2024"]
[Site "Chess.com"]
[Date "2024.06.18"]
[Round "7"]
[White "Viktor_Poddubnyi"]
[Black "kleber2007"]
[Result "0-1"]
[WhiteElo "2336"]
[BlackElo "2472"]
[TimeControl "180+1"]
[EndTime "15:17:46 PDT"]
[Termination "kleber2007 won by resignation"]

1. e4 c5 2. Nf3 d6 3. d4 cxd4 4.
Nxd4 Nf6 5. Nc3 a6 6. Bg5 e6 7. Qf3 Nbd7 8. O-O-O Qc7 9. g4 b5 10. a3 Bb7 11. Bd3 Ne5 12. Qg3 Nxd3+ 13. cxd3 Be7 14.
Be3 O-O 15. Kb1 Rac8 16. h4 d5 17. Bf4 Qb6 18. Nc2 dxe4 19. dxe4 Nxe4 0-1

[Event "Late-Titled-Tuesday-Blitz-June-18-2024"]
[Site "Chess.com"]
[Date "2024.06.18"]
[Round "7"]
[White "rionelG"]
[Black "Rawnsdale"]
[Result "1-0"]
[WhiteElo "2355"]
[BlackElo "2457"]
[TimeControl "180+1"]
[EndTime "15:17:51 PDT"]
[Termination "rionelG won by resignation"]

1. e4 c6 2. d4 d5 3. e5 c5 4.
dxc5 e6 5. a3 Bxc5 6. Qg4 Ne7 7.
Qxg7 Rg8 8. Qxh7 Nbc6 9. Nf3 Qb6 10. Nc3 Bxf2+ 11. Kd1 Bd4 12. Nb5 Bxe5 13. Nxe5 Nxe5 14. Bf4 a6 15. Bxe5 axb5 16. Bf6 Rg6 17. Bd3 Rxf6 18. Qh8+ Ng8 19. Qxg8+ Ke7 20. Qg5 Qd4 21. Rf1 Qxb2 22. Kd2 Ra6 23. Rab1 Qd4 24. Rb4 Qxb4+ 25. axb4 e5 26.
Bxb5 Re6 27. Be2 e4 28. Bg4 e3+ 29. Ke2 Rc6 30. Rxf6 Rxf6 31. Bxc8 1-0

[Event "Late-Titled-Tuesday-Blitz-June-18-2024"]
[Site "Chess.com"]
[Date "2024.06.18"]
[Round "7"]
[White "canhhuan"]
[Black "familijatop71"]
[Result "1-0"]
[WhiteElo "2518"]
[BlackElo "2319"]
[TimeControl "180+1"]
[EndTime "15:17:52 PDT"]
[Termination "canhhuan won by resignation"]

1. e4 d5 2. exd5 Qxd5 3. Nf3 Bg4 4. Be2 Nc6 5. O-O O-O-O 6. h3 Bxf3 7. Bxf3 Qd7 8. Na3 Nd4 9. Nc4 f6 10. d3 Nxf3+ 11. Qxf3 e5 12. Na5 Qd5 13. Qxd5 Rxd5 14. Nc4 Bc5 15. Ne3 Rd8 16. Nf5 Bf8 17. Be3 g6 18.
Ng3 f5 19. Bxa7 b6 20. d4 exd4 21. Rfd1 Kb7 22. Ne2 Bg7 23. Bxb6 cxb6 24. Nf4 Rd6 25. Re1 Bf6 26. Re8 Ne7 27. Rxh8 Bxh8 28. Re1 Nc6 29. Nd3 Rd7 30. g3 Re7 31. Rxe7+ Nxe7 32.
Kf1 Nd5 33. a4 Kc6 34. Ke2 Bf6 35. h4 Be7 36. Ne5+ Kc7 37. Kd3 Nb4+ 38. Kxd4 Nxc2+ 39. Kc4 Nb4 40. f4 Nc6 41. Nd3 Bf6 42. b4 Ne7 43. a5 bxa5 44. bxa5 Nc6 45. Kb5 Nd4+ 46. Kc4 Ne2 47. Nc5 Nxg3 48. a6 Bxh4 49. a7 Ne4 50.
a8=Q Nxc5 51. Kxc5 Bf2+ 52. Kd5 Kd7 53. Qc6+ 1-0

[Event "Late-Titled-Tuesday-Blitz-June-18-2024"]
[Site "Chess.com"]
[Date "2024.06.18"]
[Round "7"]
[White "legendisback1"]
[Black "Dolphin_2010"]
[Result "0-1"]
[WhiteElo "2996"]
[BlackElo "2808"]
[TimeControl "180+1"]
[EndTime "15:17:54 PDT"]
[Termination "Dolphin_2010 won by resignation"]

1. c4 c6 2. Nf3 d5 3. e3 Nf6 4. Nc3 g6 5. d4 Bg7 6. Be2 O-O 7.
O-O Bg4 8. cxd5 cxd5 9. Qb3 b6 10. Bd2 Nc6 11. Rfc1 Na5 12. Qd1 Bxf3 13. Bxf3 e6 14. Be2 Nc4 15. Bxc4 dxc4 16. Qa4 Rc8 17. Qxa7 e5 18. Ne2 exd4 19. Rxc4 Rxc4 20. Nxd4 Ne4 21. Be1 Bxd4 22. exd4 Qxd4 23. Qe7 Rc2 24. Qh4 Re2 25. h3 Qxb2 26. Rd1 Qf6 27. Qh6 Rxe1+ 0-1

[Event "Late-Titled-Tuesday-Blitz-June-18-2024"]
[Site "Chess.com"]
[Date "2024.06.18"]
[Round "7"]
[White "carloseduar100"]
[Black "dianamirza"]
[Result "1-0"]
[WhiteElo "2248"]
[BlackElo "1793"]
[TimeControl "180+1"]
[EndTime "15:17:54 PDT"]
[Termination "carloseduar100 won by resignation"]

1. g3 d5 2. Bg2 c6 3. d4 g6 4.
c3 Bg7 5. Nf3 Nf6 6. O-O O-O 7.
Nbd2 Bg4 8. Re1 Bxf3 9. Bxf3 Nbd7 10. e4 dxe4 11. Nxe4 Nxe4 12. Rxe4 e5 13. Bg2 f5 14.
Re2 e4 15. h4 Nb6 16. Bg5 Qd6 17. Qb3+ Kh8 18. Rd1 Rab8 19. Bf4 Qd5 20. Bxb8 Rxb8 21.
Qxd5 Nxd5 22. f3 exf3 23. Bxf3 Bf6 24. Rde1 Kg7 25. Re8 Rxe8 26. Rxe8 Kf7 27. Rb8 f4 28. Rxb7+ Ke6 29. Bxd5+ cxd5 30. gxf4 Kf5 31. Rxh7 Kxf4 32. Kg2 Ke3 33. Rxa7 Bxh4 34. Rb7 Kd3 35. a4 1-0

[Event "Late-Titled-Tuesday-Blitz-June-18-2024"]
[Site "Chess.com"]
[Date "2024.06.18"]
[Round "7"]
[White "Road2GM3000"]
[Black "Korchmar_Vasiliy"]
[Result "0-1"]
[WhiteElo "2451"]
[BlackElo "2633"]
[TimeControl "180+1"]
[EndTime "15:17:58 PDT"]
[Termination "Korchmar_Vasiliy won on time"]

1. d4 Nf6 2. c4 g6 3. Nc3 d5 4. Bg5 Bg7 5. e3 O-O 6. Nf3 c5 7. cxd5 Nxd5 8. Nxd5 Qxd5 9. Bxe7 cxd4 10. Bxf8 Bxf8 11. a3 Nc6 12. Nxd4 Ne5 13. Be2 Qxg2 14. Bf3 Qh3 15. Bd5 Bg4 16. Qb3 Rd8 17. Rg1 Bc5 18.
Rg3 Qxh2 19. Rc1 b6 20. Be4 Bxd4 21. exd4 Rxd4 22. Rc8+ Bxc8 0-1

[Event "Late-Titled-Tuesday-Blitz-June-18-2024"]
[Site "Chess.com"]
[Date "2024.06.18"]
[Round "7"]
[White "nindjaxx8"]
[Black "pooh2012"]
[Result "1-0"]
[WhiteElo "2728"]
[BlackElo "2565"]
[TimeControl "180+1"]
[EndTime "15:17:59 PDT"]
[Termination "nindjaxx8 won by resignation"]

1. d4 Nf6 2. c4 e6 3. Nc3 Bb4 4.
Qc2 O-O 5. a3 Bxc3+ 6. Qxc3 b6 7. Bg5 Bb7 8. e3 d6 9. Ne2 Nbd7 10. Qc2 c5 11. Rd1 h6 12. Bh4 Qc7 13. Nc3 a6 14. Be2 Rfe8 15. O-O d5 16. cxd5 Nxd5 17. Bg3 Qc6 18.
Bf3 cxd4 19. Rxd4 N7f6 20. Rfd1 Qc8 21. Qb3 Nxc3 22. bxc3 Bxf3 23. gxf3 b5 24. e4 Qc5 25. c4 e5 26. R4d2 bxc4 27. Qc3 Rab8 28. Rc2 Rb3 29. Qxb3 1-0

[Event "Late-Titled-Tuesday-Blitz-June-18-2024"]
[Site "Chess.com"]
[Date "2024.06.18"]
[Round "7"]
[White "chesselephant"]
[Black "Bauman_Guy"]
[Result "0-1"]
[WhiteElo "2588"]
[BlackElo "2911"]
[TimeControl "180+1"]
[EndTime "15:18:00 PDT"]
[Termination "Bauman_Guy won on time"]

1. d4 Nf6 2. c4 e6 3. Nc3 Bb4 4.
e3 O-O 5. Bd3 d5 6. Nf3 c5 7.
O-O cxd4 8. exd4 dxc4 9. Bxc4 b6 10. Bg5 Bb7 11. Ne5 Nbd7 12. Rc1 Rc8 13. Qe2 Nxe5 14.
dxe5 Qd4 15. exf6 Qxc4 16. fxg7 Rfe8 17. Qxc4 Rxc4 18. Bf6 Rg4 19. f3 Rg6 20. Ne4 Be7 21.
Rc7 Bxf6 22. Nxf6+ Rxf6 23. Rxb7 Kxg7 24. Rxa7 Rc8 25.
g4 h5 26. g5 Rf5 27. h4 Rc4 28. Kg2 Rxh4 29. Kg3 Rb4 30. f4 Rxb2 31. Rd1 Rb4 32. Rf1 e5 0-1

[Event "Late-Titled-Tuesday-Blitz-June-18-2024"]
[Site "Chess.com"]
[Date "2024.06.18"]
[Round "7"]
[White "AldokhinIvan"]
[Black "GHANDEEVAM2003"]
[Result "0-1"]
[WhiteElo "2665"]
[BlackElo "2992"]
[TimeControl "180+1"]
[EndTime "15:18:03 PDT"]
[Termination "GHANDEEVAM2003 won on time"]

1. e4 d6 2. d4 g6 3. Nc3 Bg7 4. Bg5 a6 5. Qd2 b5 6. f4 Nd7 7. Nf3 Nb6 8. Bd3 Nf6 9. O-O O-O 10. f5 b4 11. Ne2 c5 12. dxc5 dxc5 13. e5 c4 14.
exf6 exf6 15. Be4 fxg5 16. Bxa8 Nxa8 17. fxg6 fxg6 18. Qxd8 Rxd8 19. Rad1 Re8 20. Ned4 g4 21. Ng5 Nb6 22. Nf7 Bd7 23. Nd6 Re7 24. b3 c3 25.
Nc4 Nd5 26. Nf5 Bxf5 27. Rxd5 h5 28. Rdxf5 gxf5 29. Rxf5 Re2 30. Rxh5 Rxc2 0-1

[Event "Late-Titled-Tuesday-Blitz-June-18-2024"]
[Site "Chess.com"]
[Date "2024.06.18"]
[Round "7"]
[White "Zampronha1971"]
[Black "Alina_Gumerovna"]
[Result "1-0"]
[WhiteElo "2401"]
[BlackElo "2205"]
[TimeControl "180+1"]
[EndTime "15:18:03 PDT"]
[Termination "Zampronha1971 won by resignation"]

1. e4 e5 2. Nf3 Nf6 3. d4 Nxe4 4. Bd3 d5 5. Nxe5 Nd7 6. Nxd7 Bxd7 7. O-O Bd6 8. c4 c6 9. Nc3 Nxc3 10. bxc3 O-O 11.
cxd5 cxd5 12. Qh5 f5 13. Qf3 Be6 14. Bf4 Qd7 15. Rfe1 Rac8 16. Bxd6 Qxd6 17. Bc2 Qc6 18. Bb3 Rcd8 19. Re5 Rf6 20. Rae1 Rd6 21. h3 b5 22. Rxe6 Rfxe6 23. Rxe6 Rxe6 24. Bxd5 Qd6 25. Qxf5 Kh8 26. Qxe6 Qd8 27. a3 a5 28. g3 b4 29.
cxb4 axb4 30. axb4 Qb8 31. Kg2 Qd8 32. b5 Qf8 33. b6 Qb8 34. Qg8+ 1-0

[Event "Late-Titled-Tuesday-Blitz-June-18-2024"]
[Site "Chess.com"]
[Date "2024.06.18"]
[Round "7"]
[White "aexmi"]
[Black "AleksandraMilovic"]
[Result "1-0"]
[WhiteElo "2277"]
[BlackElo "2044"]
[TimeControl "180+1"]
[EndTime "15:18:05 PDT"]
[Termination "aexmi won by resignation"]

1. d4 d5 2. Bf4 c5 3. e3 Nc6 4.
Nf3 cxd4 5. exd4 f6 6. c3 g5 7. Bg3 h5 8. h4 g4 9. Nfd2 e5 10. dxe5 fxe5 11. Bb5 Bd6 12. O-O Nf6 13. Re1 e4 14. Bxd6 Qxd6 15. Nxe4 Nxe4 16. Rxe4+ Kf7 17. Bxc6 bxc6 18. Qd4 Bf5 19. Re3 Rhe8 20. Nd2 c5 21. Nc4 Qc6 22. Ne5+ Rxe5 23. Qxe5 Kg6 24. Rae1 Rd8 25.
Qe7 Qd6 26. Qg5+ 1-0

[Event "Late-Titled-Tuesday-Blitz-June-18-2024"]
[Site "Chess.com"]
[Date "2024.06.18"]
[Round "7"]
[White "GasconJR"]
[Black "Mysterio47"]
[Result "0-1"]
[WhiteElo "2649"]
[BlackElo "2839"]
[TimeControl "180+1"]
[EndTime "15:18:06 PDT"]
[Termination "Mysterio47 won on time"]

1. e4 d6 2. d4 Nf6 3. Nc3 e6 4.
f4 Nc6 5. Nf3 d5 6. e5 Ne4 7.
Bd3 Bb4 8. O-O Nxc3 9. bxc3 Bxc3 10. Rb1 Bxd4+ 11. Nxd4 Nxd4 12. Qg4 g6 13. Be3 h5 14.
Qd1 Nf5 15. Bf2 b6 16. a4 c5 17. a5 Bd7 18. Qe2 Ne7 19. c4 d4 20. Bh4 Qc7 21.
Bf6 Rg8 22. axb6 axb6 23. Ra1 Qb7 24. Rxa8+ Qxa8 25. Qb2 Nc8 26. Ra1 Qb7 27. Qe2 Bc6 28. h4 Kd7 29. Qf2 Ne7 30. Qg3 Ra8 31. Re1 Ra3 32.
Qg5 Rb3 33. Bxe7 Rxd3 34. Bf8 Rd2 35. g3 Kc8 0-1

[Event "Late-Titled-Tuesday-Blitz-June-18-2024"]
[Site "Chess.com"]
[Date "2024.06.18"]
[Round "7"]
[White "WildTricks"]
[Black "ninjatrick"]
[Result "1-0"]
[WhiteElo "2705"]
[BlackElo "2472"]
[TimeControl "180+1"]
[EndTime "15:18:06 PDT"]
[Termination "WildTricks won by resignation"]

1. e4 c5 2. Nc3 Nc6 3. Bb5 Nd4 4. Nf3 g6 5. Bc4 Bg7 6. Nxd4 cxd4 7. Qf3 Nf6 8. Ne2 d5 9. exd5 Bg4 10. Qb3 Bxe2 11.
Bxe2 O-O 12. Bf3 Nd7 13. d3 Rc8 14. O-O Ne5 15. Be2 Qd7 16. h3 Rfd8 17. f4 Rc5 18. fxe5 Bxe5 19. Bh6 Bf6 20. Bf3 Qc7 21. Rf2 Be5 22.
Raf1 f6 23. d6+ 1-0

[Event "Late-Titled-Tuesday-Blitz-June-18-2024"]
[Site "Chess.com"]
[Date "2024.06.18"]
[Round "7"]
[White "ckgchess"]
[Black "RZ0"]
[Result "1-0"]
[WhiteElo "2892"]
[BlackElo "2556"]
[TimeControl "180+1"]
[EndTime "15:18:07 PDT"]
[Termination "ckgchess won by resignation"]

1. e4 c5 2. c3 Nf6 3. e5 Nd5 4. d4 cxd4 5. Bc4 Nb6 6. Bb3 d6 7.
Nf3 Nc6 8. exd6 Qxd6 9. O-O Be6 10. Bxe6 Qxe6 11. Nxd4 Nxd4 12. Qxd4 Rd8 13. Qh4 Qe2 14. Nd2 Rxd2 15. Bxd2 Qxd2 16. Rfd1 Qxb2 17. a4 f6 18. a5 Nc8 19. Qa4+ Kf7 20. Qc4+ e6 21. Qxc8 Rg8 22. Rab1 Qc2 23. Rxb7+ Kg6 24. Rbb1 Qf5 25. a6 h6 26. Re1 Kh7 27. Qxe6 Qxe6 28. Rxe6 Bc5 29. g3 Rc8 30.
Rb7 Rd8 31. Rxf6 1-0

[Event "Late-Titled-Tuesday-Blitz-June-18-2024"]
[Site "Chess.com"]
[Date "2024.06.18"]
[Round "7"]
[White "YouShallNotPass001"]
[Black "GrotBchess"]
[Result "0-1"]
[WhiteElo "2441"]
[BlackElo "2591"]
[TimeControl "180+1"]
[EndTime "15:18:08 PDT"]
[Termination "GrotBchess won by resignation"]

1. Nf3 Nf6 2. e3 g6 3. d4 Bg7 4. c4 O-O 5. Nc3 d5 6. b4 a5 7. b5 c5 8. bxc6 bxc6 9. Ba3 Ba6 10. Be2 dxc4 11. O-O Nd5 12. Rc1 Nd7 13. Na4 N7b6 14. Nb2 c3 15. Nd3 Nc4 16. Bc5 Nb2 17. Qc2 Bxd3 18. Bxd3 Nb4 19. Bxb4 axb4 20. Ra1 Qd6 21. Be2 c5 22. a3 cxd4 23. exd4 Rxa3 24. Rxa3 bxa3 25.
Qxc3 Na4 26. Qa5 Nb6 27. Ra1 Ra8 28. Qc3 Nd5 29. Qb3 e6 30. Bc4 Nf4 31. Qe3 h5 32. h3 Ra4 33. Bb3 Ra8 34. Bc4 Qb4 35. Bf1 Nd5 36. Qe2 Bxd4 37. Nxd4 Qxd4 38. Ra2 Nc3 39.
Qf3 Qd5 40. Ra1 Qxf3 41. gxf3 a2 42. Bc4 Kg7 43. Kg2 Kf6 0-1

[Event "Late-Titled-Tuesday-Blitz-June-18-2024"]
[Site "Chess.com"]
[Date "2024.06.18"]
[Round "7"]
[White "lamomiajunior"]
[Black "SHIVACalypso"]
[Result "0-1"]
[WhiteElo "2686"]
[BlackElo "2564"]
[TimeControl "180+1"]
[EndTime "15:18:11 PDT"]
[Termination "SHIVACalypso won on time"]

1. e4 e6 2. d4 d5 3. e5 c5 4. c3 Nc6 5. Nf3 Bd7 6. Be2 f6 7. O-O fxe5 8. dxe5 Nh6 9. Bf4 Qc7 10. Bd3 O-O-O 11. a3 Nf5 12. b4 c4 13. Bc2 h6 14. h3 g5 15. Bh2 Nh4 16. Nxh4 gxh4 17.
Qe1 Bg7 18. f4 d4 19. Be4 d3 20. Nd2 Ne7 21. f5 exf5 22. Bf3 Be6 23. Kh1 Nd5 24.
Qxh4 Bxe5 25. Bxe5 Qxe5 26. Rae1 Ne3 27. Rf2 f4 28. Bd1 Rdf8 29. Bh5 Rhg8 30. Bf3 Bd5 31. Qxh6 Rh8 32. Qg6 Rfg8 33. Bg4+ Kb8 0-1

[Event "Late-Titled-Tuesday-Blitz-June-18-2024"]
[Site "Chess.com"]
[Date "2024.06.18"]
[Round "7"]
[White "CrushingKings"]
[Black "mostafa_sakha"]
[Result "0-1"]
[WhiteElo "2619"]
[BlackElo "2447"]
[TimeControl "180+1"]
[EndTime "15:18:11 PDT"]
[Termination "mostafa_sakha won by resignation"]

1. e4 e5 2. Nf3 Nc6 3. Bc4 Nf6 4. d3 Be7 5. O-O O-O 6. Re1 d6 7. a4 Be6 8. Nc3 Nxe4 9. Rxe4 d5 10. Nxd5 Bxd5 11.
Bxd5 Qxd5 12. Re1 Rad8 13. Bd2 f5 14. Bc3 Bf6 15. Nd2 Nd4 16. Bxd4 Qxd4 17. Ra3 e4 18.
Qb1 Rfe8 19. Nc4 f4 20. Na5 Qd5 21. Nc4 exd3 22. cxd3 f3 23. g3 Qf5 24. Qd1 Qh3 0-1

[Event "Late-Titled-Tuesday-Blitz-June-18-2024"]
[Site "Chess.com"]
[Date "2024.06.18"]
[Round "7"]
[White "Abund"]
[Black "Chaubunagungamaug1"]
[Result "1-0"]
[WhiteElo "2671"]
[BlackElo "2475"]
[TimeControl "180+1"]
[EndTime "15:18:12 PDT"]
[Termination "Abund won by resignation"]

1. e4 c5 2. Nf3 e6 3. c3 d5 4.
exd5 exd5 5. d4 Nc6 6. Bb5 Bd6 7. dxc5 Bxc5 8. O-O Ne7 9. Nbd2 O-O 10. Nb3 Bb6 11.
Bd3 h6 12. h3 Bf5 13. Re1 Qd6 14. Be3 Bxd3 15. Qxd3 Bxe3 16. Rxe3 Ng6 17. Rae1 Rad8 18. Nbd4 Qf6 19. Qb5 Nf4 20. Qxb7 Na5 21. Qe7 Qg6 22.
Nh4 Qg5 23. Rg3 Qxe7 24. Rxe7 Rfe8 25. Rxa7 Nc4 26. Nhf5 Ng6 27. b3 Nd2 28. Re3 Ne4 29. Nc6 Rd6 30. Nxd6 1-0

[Event "Late-Titled-Tuesday-Blitz-June-18-2024"]
[Site "Chess.com"]
[Date "2024.06.18"]
[Round "7"]
[White "Andrei_Skvortsov"]
[Black "Tunahan_Makaraci"]
[Result "1-0"]
[WhiteElo "2771"]
[BlackElo "2622"]
[TimeControl "180+1"]
[EndTime "15:18:15 PDT"]
[Termination "Andrei_Skvortsov won on time"]

1. e4 c5 2. d4 cxd4 3. Qxd4 Nc6 4. Qd3 d6 5. Nc3 g6 6. Nf3 Bg7 7. Be2 Nf6 8. O-O O-O 9. Nd5 Bg4 10. c3 Rc8 11.
Bg5 Bxf3 12. Qxf3 Nxd5 13. exd5 Ne5 14. Qe3 f6 15. Bf4 b6 16. Rfe1 Rf7 17. Bg3 f5 18. f4 Nc4 19. Qc1 Qc7 20. Bf2 Na5 21. Qd1 Nb7 22.
Ba6 Re8 23. Qe2 Nc5 24. Bb5 Rc8 25. Rad1 Ne4 26. Be3 h6 27. g3 Kh7 28. Kg2 Rg8 29.
Bd3 Nc5 30. Bb1 Nd7 31. Bg1 Nf6 32. Qe6 Rgf8 33. Re2 Qc4 34. Rd4 Qb5 35. a4 Qb3 36.
Bc2 Qxb2 37. Bxf5 Qxc3 38. Bb1 Qc1 39. Bd3 Qc3 40. g4 Kh8 41. Bxg6 Ng8 42. Rd3 1-0

[Event "Late-Titled-Tuesday-Blitz-June-18-2024"]
[Site "Chess.com"]
[Date "2024.06.18"]
[Round "7"]
[White "katharinareinecke"]
[Black "cakeuvdort"]
[Result "1-0"]
[WhiteElo "2049"]
[BlackElo "2308"]
[TimeControl "180+1"]
[EndTime "15:18:15 PDT"]
[Termination "katharinareinecke won on time"]

1. d4 Nf6 2. Nf3 g6 3. g3 Bg7 4. Bg2 O-O 5. O-O d5 6. c4 c6 7. Nc3 Bf5 8. b3 Ne4 9. Bb2 a5 10. Nh4 Nxc3 11. Bxc3 Be6 12. cxd5 cxd5 13. Nf3 Nc6 14. Ne5 Nxe5 15. dxe5 a4 16. Bd4 Qd7 17. Qd3 Rfc8 18. Rfc1 b5 19. f4 Bf5 20. Qe3 e6 21. h3 h5 22. Kh2 Bf8 23. Bf3 Ba3 24. Rxc8+ Rxc8 25. g4 hxg4 26. hxg4 Bc2 27. bxa4 b4 28. Kg3 Qxa4 29. Rh1 Kg7 30. f5 1-0

[Event "Late-Titled-Tuesday-Blitz-June-18-2024"]
[Site "Chess.com"]
[Date "2024.06.18"]
[Round "7"]
[White "Maus7"]
[Black "NailBashirli"]
[Result "0-1"]
[WhiteElo "2618"]
[BlackElo "2752"]
[TimeControl "180+1"]
[EndTime "15:18:20 PDT"]
[Termination "NailBashirli won by resignation"]

1. e4 e5 2. Nf3 Nc6 3. Bb5 a6 4. Ba4 Nf6 5. O-O b5 6. Bb3 d6 7. c3 Be7 8. Re1 O-O 9. h3 Bb7 10. d4 h6 11. a4 Na5 12. Bc2 exd4 13. cxd4 c5 14. d5 Nc4 15. b3 Nb6 16. a5 Nbd7 17. Bf4 Re8 18. Nbd2 Bf8 19. Nf1 c4 20. bxc4 bxc4 21.
Ng3 Nc5 22. Nd4 g6 23. Qf3 Nfd7 24. Nc6 Qf6 25. Rab1 Rac8 26. Qg4 Bxc6 27. dxc6 Ne5 28. Bxe5 dxe5 29. Nh5 Qe6 30. Rb6 Qxg4 31. Nf6+ Kh8 32. h4 Qxh4 0-1

[Event "Late-Titled-Tuesday-Blitz-June-18-2024"]
[Site "Chess.com"]
[Date "2024.06.18"]
[Round "7"]
[White "Cxrjs"]
[Black "kalinchick"]
[Result "1-0"]
[WhiteElo "2513"]
[BlackElo "2367"]
[TimeControl "180+1"]
[EndTime "15:18:20 PDT"]
[Termination "Cxrjs won by resignation"]

1. e4 e6 2. d4 d5 3. Nc3 dxe4 4. Nxe4 Nd7 5. Bd3 Ngf6 6. Qe2 Nxe4 7. Bxe4 Be7 8. Nf3 O-O 9. h4 Nf6 10. Bd3 b6 11. Bd2 Bb7 12. O-O-O a5 13. h5 a4 14. a3 Bxf3 15. Qxf3 Qxd4 16. h6 g6 17. Bc3 Qd5 18.
Qf4 Nd7 19. Kb1 Bd6 20. Qh4 Qxg2 21. Be4 g5 22. Bxg2 gxh4 23. Bxa8 Rxa8 24. Rdg1+ Kf8 25. Rg7 Ke7 26. Rxh4 e5 27. Rxh7 Nf6 28. Rg7 Ke6 29. h7 Rh8 30. f4 Bf8 31. Rg5 Rxh7 32. Rxe5+ Kd7 33. Rxh7 Nxh7 34. Rf5 Ke8 35. Rh5 1-0

[Event "Late-Titled-Tuesday-Blitz-June-18-2024"]
[Site "Chess.com"]
[Date "2024.06.18"]
[Round "7"]
[White "RebecaJimnz"]
[Black "JEHUBNER"]
[Result "1-0"]
[WhiteElo "2277"]
[BlackElo "2087"]
[TimeControl "180+1"]
[EndTime "15:18:22 PDT"]
[Termination "RebecaJimnz won by resignation"]

1. e4 c5 2. Nc3 Nc6 3. g3 e6 4. Bg2 d6 5. d3 Nf6 6. Be3 a6 7. h3 Be7 8. f4 Qc7 9. Nf3 Bd7 10. O-O O-O 11. g4 Ne8 12. f5 Ne5 13. Nxe5 dxe5 14. g5 f6 15. g6 exf5 16. gxh7+ Kh8 17. exf5 Nd6 18. Nd5 Qd8 19. Be4 Nxe4 20. dxe4 Be8 21. Kh2 Bf7 22. c4 Bxd5 23. cxd5 Bd6 24. Rg1 Qe7 25.
Rg6 Rf7 26. Qh5 b5 27. Rag1 Qc7 28. Bh6 Bf8 29. d6 Qb7 30. R6g4 Rd8 31. Be3 Bxd6 32. Rd1 Be7 33. Qxf7 1-0

[Event "Late-Titled-Tuesday-Blitz-June-18-2024"]
[Site "Chess.com"]
[Date "2024.06.18"]
[Round "7"]
[White "Sic_Transit_GM"]
[Black "A4RookA3"]
[Result "0-1"]
[WhiteElo "2524"]
[BlackElo "2446"]
[TimeControl "180+1"]
[EndTime "15:18:23 PDT"]
[Termination "A4RookA3 won by checkmate"]

1. Nf3 d5 2. e3 Nf6 3. c4 c6 4. Nc3 e6 5. b3 Bd6 6. Bb2 O-O 7. Be2 b6 8. O-O Bb7 9. d4 Nbd7 10. Qc2 Qe7 11. e4 Nxe4 12. Nxe4 dxe4 13. Qxe4 f5 14.
Qc2 c5 15. Rfe1 cxd4 16. Nxd4 Qh4 17. g3 Qh6 18. Bf3 Bxf3 19. Nxf3 Nc5 20. Rad1 Rad8 21. Kg2 Ne4 22. Nd2 Bb4 23. Nxe4 Bxe1 24. Rxe1 fxe4 25. Qxe4 Rd2 26. Bd4 Qg6 27. Qe3 Rxa2 28. b4 Rfxf2+ 29. Qxf2 Rxf2+ 30. Bxf2 h6 31. c5 bxc5 32. bxc5 Qf5 33. Rc1 Qe4+ 34. Kg1 Qc6 35. Ra1 a6 36. Rb1 a5 37. Rb6 Qd5 38. Ra6 Qd1+ 39. Kg2 Qd5+ 40. Kf1 Qd3+ 41. Kg2 Qxa6 42. c6 Qxc6+ 43. Kh3 a4 44.
Bd4 Qd5 45. Bb2 Qb3 46. Be5 a3 47. Kh4 a2 48. g4 Qb1 49. h3 g6 50. g5 Qe4+ 51.
Bf4 Qxf4# 0-1